 Dungeon Crawl Stone Soup version 0.21-a0-632-g1e37ce5 (webtiles) character file.

72 wvc the Cutter (level 4, -3/28 HPs)
             Began as a Kobold Chaos Knight on Dec 27, 2017.
             Slain by a wyvern (10 damage)
             ... on level 2 of the Dungeon.
             The game lasted 00:02:55 (1014 turns).

wvc the Cutter (Kobold Chaos Knight)                Turns: 1014, Time: 00:02:56

Health: -3/28      AC:  7    Str: 12    XL:     4   Next: 50%
Magic:  4/4        EV: 14    Int: 14    God:    Xom [..*...]
Gold:   28         SH:  0    Dex: 14    Spells: 3/3 levels left

rFire    . . .     SeeInvis .   a - +0 short sword (chaos)
rCold    . . .     Gourm    .   (shield restricted)
rNeg     . . .     Faith    .   b - +2 leather armour
rPois    .         Spirit   .   m - +1 helmet
rElec    .         Reflect  .   (no cloak)
rCorr    .         Harm     .   (no gloves)
MR       .....                  (no boots)
Stlth    +.........             d - amulet of inaccuracy (curse)
HPRegen  0.09/turn              g - +3 ring of strength
MPRegen  0.09/turn              (no ring)

@: no status effects
A: small, carnivore
a: Renounce Religion


You were on level 2 of the Dungeon.
You worshipped Xom.
You were a toy of Xom.
You were completely stuffed.

You visited 1 branch of the dungeon, and saw 2 of its levels.

You collected 28 gold pieces.

Inventory:

Hand Weapons
 a - a +0 short sword of chaos (weapon)
Armour
 b - a +2 leather armour (worn)
 m - a +1 helmet (worn)
Jewellery
 d - a cursed amulet of inaccuracy (around neck)
 g - a +3 ring of strength (left hand)
Scrolls
 i - a scroll of teleportation
Potions
 h - a potion of lignification
 j - a potion of heal wounds
 l - a potion of might
 n - a potion of mutation {unknown}
Comestibles
 c - 5 rations
 f - a chunk of flesh


   Skills:
 - Level 3.2 Fighting
 + Level 6.6 Short Blades
 - Level 0.7 Armour
 - Level 2.4 Dodging


You had 3 spell levels left.
You didn't know any spells.

Dungeon Overview and Level Annotations

Branches:
Dungeon (2/15)

Altars:
Trog


Innate Abilities, Weirdness & Mutations

You are small and have problems with some larger weapons.
You are carnivorous and can eat meat at any time.


Message History

The wyvern is lightly wounded.
The wyvern bites you.
You hit the wyvern but do no damage.
The wyvern seems to speed up.
Xom thinks this is hilarious!
The wyvern is lightly wounded.
The wyvern closely misses you.
You hit the wyvern.
The wyvern is poisoned.
The wyvern is lightly wounded.
The wyvern barely misses you. The wyvern bites you!
You are too injured to fight recklessly!
You are too injured to fight recklessly!
Your leather armour prevents you from hitting the wyvern.
The wyvern is lightly wounded.
The wyvern bites you.
* * * LOW HITPOINT WARNING * * *
The wyvern barely misses you. The wyvern barely misses you.
The wyvern bites you!
You die...
Xom roars with laughter!

#.########.#
#.# #.# #.#
#.# #.# #..
#.# ##. #.#
. #.# .# #.#
#@# #l# #.#
#g# #S# #.#
#.# #.# #..


You could see a wyvern, an adder and a hobgoblin.

Vanquished Creatures
  An adder (D:2)
  A river rat (shapeshifter) (D:1)
  2 oozes (D:1)
  2 dart slugs (D:1)
  A leopard gecko (D:1)
  6 bats
  3 giant cockroaches
  9 hobgoblins (D:1)
  4 kobolds (D:1)
  6 frilled lizards (D:1)
  3 goblins
  2 rats (D:1)
40 creatures vanquished.

Notes
Turn   | Place    | Note
-------+----------+-------------------------------------------
     0 | D:1      | wvc the Kobold Chaos Knight began the quest for the Orb.
     0 | D:1      | Reached XP level 1. HP: 14/14 MP: 1/1
    17 | D:1      | XOM: harmless Conj miscast
    24 | D:1      | XOM: harmless Tmut miscast
    42 | D:1      | XOM: silly message
    50 | D:1      | XOM: divination: detect creatures
    77 | D:1      | Reached XP level 2. HP: 14/19 MP: 2/2
   144 | D:1      | XOM: potion effect (agility)
   177 | D:1      | Reached skill level 5 in Short Blades
   200 | D:1      | Reached XP level 3. HP: 20/23 MP: 3/3
   250 | D:1      | XOM: silly message
   544 | D:1      | XOM: butterfly on damage
   554 | D:1      | XOM: potion effect (invisibility)
   574 | D:1      | Reached skill level 6 in Short Blades
   574 | D:1      | Reached XP level 4. HP: 17/28 MP: 4/4
   910 | D:2      | Found a bloodstained altar of Trog.
   937 | D:2      | XOM: silly message
  1007 | D:2      | Noticed a wyvern
  1007 | D:2      | a worm changed into a wyvern
  1014 | D:2      | Slain by a wyvern

Vault maps used:
D:1:      dpeg_arrival_tiny_a, minmay_crystal_room, minmay_ruptured
D:2:      overflow_temple_1_default, tso_altar

Skill      XL: |  1  2  3 |
---------------+----------+-----
Short Blades   | 5 6 |  6.6
Fighting       | |  3.2
Armour         | |  0.7
Dodging        | |  2.4

Action                   |  1- 3 |  4- 6 || total
-------------------------+-------+-------++-------
Melee: Short sword       |   108 |    37 ||   145
  Use: Scroll            |       |     9 ||     9
 Stab: Sleeping          |     3 |     1 ||     4
       Invisible         |     1 |     1 ||     2
  Eat: Chunk             |     7 |     2 ||     9
Armor: Leather armour    |    24 |     4 ||    28
Dodge: Dodged            |    68 |    23 ||    91

Table legend:
 A = Spawn XP
 B = Non-spawn XP
 C = Spawn XP percentage of total XP
 D = Spawn monster count
 E = Non-spawn monster count
 F = Spawn count percentage of total count
 G = Total turns spent on level
                    A         B        C        D         E        F      G
               +---------+---------+-------+---------+---------+-------+---------
         Total |       0 |     104 |   0.0 |       0 |      40 |   0.0 |  1014
               +---------+---------+-------+---------+---------+-------+---------
           D:1 |       0 |      85 |   0.0 |       0 |      36 |   0.0 |   910
           D:2 |       0 |      19 |   0.0 |       0 |       4 |   0.0 |   104
               +---------+---------+-------+---------+---------+-------+---------
